 Dungeon Crawl Stone Soup version 0.22-a0-299-g43f9854 (webtiles) character file.

85138 Amnesiac the Stormcaller (level 15, -3/86 HPs)
             Began as a Tengu Air Elementalist on Mar 26, 2018.
             Was a High Priest of Sif Muna.
             Killed from afar by a deep elf high priest (33 damage)
             ... with damnation
             ... on level 1 of the Elven Halls.
             The game lasted 00:58:00 (24414 turns).

Amnesiac the Stormcaller (Tengu Air Elementalist)  Turns: 24414, Time: 00:58:01

Health: -3/86      AC: 12    Str:  5    XL:     15   Next: 82%
Magic:  0/32       EV: 22    Int: 25    God:    Sif Muna [*****.]
Gold:   1354       SH:  8    Dex: 17    Spells: 12/46 levels left

rFire    + . .     SeeInvis .   a - +3 dagger (speed)
rCold    . . .     Gourm    .   T - +3 buckler
rNeg     + . .     Faith    .   U - +4 leather armour "Horilata" {rElec rN+ Str-3}
rPois    +         Spirit   .   (helmet restricted)
rElec    +         Reflect  .   z - +2 cloak {rPois}
rCorr    .         Harm     .   J - +1 pair of gloves {Dex+3}
MR       +....                  (boots unavailable)
Stlth    ++........             (no amulet)
HPRegen  0.24/turn              j - ring of protection from fire
MPRegen  0.23/turn              W - ring of wizardry

@: flying quickly and evasively, no casting, deflect missiles, quick
A: beak, talons 3, clever 1, low mp 1, MP-powered wands, able to fly 2
a: Stop Flying, Stop Divine Energy, Channel Magic, Forget Spell, Renounce
Religion


You were on level 1 of the Elven Halls.
You worshipped Sif Muna.
Sif Muna was extremely pleased with you.
You were hungry.

You visited 3 branches of the dungeon, and saw 16 of its levels.
You also visited: Ossuary.

You collected 1549 gold pieces.
You spent 195 gold pieces at shops.

Inventory:

Hand Weapons
 a - a +3 dagger of speed (weapon)
 b - a +0 blowgun
 P - a +1 dagger of electrocution
Missiles
 r - 59 poisoned needles
 O - 15 curare-tipped needles
 S - 3 throwing nets (quivered)
Armour
 z - a +2 cloak of poison resistance (worn)
 J - a +1 pair of gloves of dexterity (worn)
 T - a +3 buckler (worn)
 U - the +4 leather armour "Horilata" (worn) {rElec rN+ Str-3}
   (You found it on level 12 of the Dungeon)

   It affects your strength (-3).
   It insulates you from electricity.
   It protects you from negative energy.
Jewellery
 i - an uncursed ring of ice
 j - a ring of protection from fire (left hand)
 y - an uncursed ring of stealth
 W - a ring of wizardry (right hand)
Wands
 f - a wand of enslavement (10)
 t - a wand of random effects (26)
 D - a wand of clouds (4)
 I - a wand of acid (4)
 M - a wand of iceblast (7)
 R - a wand of paralysis (12)
 V - a wand of flame (19)
Scrolls
 e - 3 scrolls of remove curse {!r}
 k - 6 scrolls of teleportation {!r}
 l - 5 scrolls of amnesia {!r}
 m - 3 scrolls of magic mapping {!r}
 q - 4 scrolls of fog {!r}
 u - 4 scrolls of enchant weapon {!r}
 B - 6 scrolls of blinking {!r}
 C - 7 scrolls of identify {!r}
 K - a scroll of brand weapon {!r}
 Q - a scroll of fear {!r}
Potions
 d - 4 potions of invisibility {!q}
 g - 2 potions of mutation {!q}
 h - 16 potions of curing {!q}
 n - a potion of cancellation {!q}
 p - a potion of magic {!q}
 v - 3 potions of resistance {!q}
 w - 6 potions of brilliance {!q}
 x - 4 potions of agility {!q}
 A - a potion of berserk rage {!q}
 E - 3 potions of heal wounds {!q}
 F - a potion of haste {!q}
 G - 3 potions of might {!q}
 H - 2 potions of lignification {!q}
 N - a potion of ambrosia {!q}
Comestibles
 c - 25 rations


   Skills:
 - Level 7.0 Fighting
 - Level 11.0 Dodging
 - Level 2.0 Stealth
 - Level 4.2 Shields
 * Level 16.1 Spellcasting
 - Level 1.3 Conjurations
 + Level 16.2 Air Magic
 - Level 8.5 Invocations


You had 12 spell levels left.
You knew the following spells:

 Your Spells              Type           Power        Failure   Level  Hunger
a - Airstrike             Air            #######...   1%          4    None
b - Passwall              Tmut/Erth      ###.......   2%          2    None
c - Deflect Missiles      Chrm/Air       ######....   10%         6    ####...
d - Lightning Bolt        Conj/Air       ######....   1%          5    None
e - Mephitic Cloud        Conj/Pois/Air  #####...     1%          3    None
f - Swiftness             Chrm/Air       ######..     1%          2    None
g - Conjure Ball Lightni  Conj/Air       ######....   8%          6    ####...
s - Summon Lightning Spi  Summ/Air       ######..     1%          4    None
v - Blink                 Tloc           N/A          2%          2    None


Dungeon Overview and Level Annotations

Branches:
Dungeon (13/15)            Temple (0/1) D:7            Lair (0/6) D:10
    Orc (2/2) D:11            Elf (1/3) Orc:2        Vaults (0/5) D:13

Altars:
Ashenzari
Dithmenos
Elyvilon
Fedhas
Gozag
Kikubaaqudgha
Makhleb
Okawaru
Sif Muna
Trog
Uskayaw
Beogh

Shops:
D:6 [   Orc:2 ![*:

Portals:
Pandemonium: Orc:2


Innate Abilities, Weirdness & Mutations

You have a beak for a mouth.
You have claws for feet.
You can fly continuously.
Your mind is acute. (Int +2)
Your magical capacity is low. (-10% MP)
You expend magic power (3 MP) to strengthen your wands.


Message History

Press: ? - help, Dir - move target cursor, f/p - deep elf high priest
Aim: a deep elf high priest, wielding a short sword of electrocution and wearing a scale mail (moderately wounded, aura of brilliance)
The air twists around and strikes the deep elf high priest!
The deep elf high priest is heavily wounded.
Sif Muna grants you divine energy.
You briefly lose access to your magic!
The deep elf high priest unwields an uncursed short sword of electrocution.
It stops crackling.
The deep elf high priest wields a shortbow.
The deep elf high priest shoots an arrow.
You deflect the arrow! The deep elf mage casts a spell at you.
The bolt of lightning hits the earth elemental.
The earth elemental completely resists.
You deflect the bolt of lightning!
Unknown command.
You regain access to your magic.
Casting: Airstrike (safe; 1% risk of failure)
Confirm with . or Enter, or press ? or * to list all spells.
You can't see any susceptible monsters within range! (Use Z to cast anyway.) Unknown command.
Casting: Airstrike (safe; 1% risk of failure)
Confirm with . or Enter, or press ? or * to list all spells.
Aiming: Airstrike (safe; 1% risk of failure)
Press: ? - help, Dir - move target cursor, f/p - deep elf high priest
Aim: a deep elf high priest, wielding a shortbow and wearing a scale mail (heavily wounded, aura of brilliance)
The air twists around and strikes the deep elf high priest!
The deep elf high priest is almost dead.
Sif Muna grants you divine energy.
You briefly lose access to your magic!
The deep elf high priest invokes the aid of its god against you.
The sphere of damnation explodes!
The damnation engulfs you!
The deep elf high priest utters a dark prayer and points at you.
Your life force is offered up.
* * * LOW HITPOINT WARNING * * *
The deep elf high priest is healed.
The deep elf mage is healed.
The deep elf high priest shoots an arrow.
The arrow closely misses you.
You see here an arrow.
You regain access to your magic.
Casting: Airstrike (safe; 1% risk of failure)
Confirm with . or Enter, or press ? or * to list all spells.
Aiming: Airstrike (safe; 1% risk of failure)
Press: ? - help, Dir - move target cursor, f/p - deep elf high priest
Aim: a deep elf high priest, wielding a shortbow and wearing a scale mail (severely wounded, aura of brilliance)
The air twists around and strikes the deep elf high priest!
The deep elf high priest is almost dead.
Sif Muna grants you divine energy.
You briefly lose access to your magic!
The deep elf high priest invokes the aid of its god against you.
The sphere of damnation explodes!
The damnation engulfs you!
* * * LOW HITPOINT WARNING * * *
You regain access to your magic.
Casting: Airstrike (safe; 1% risk of failure)
Confirm with . or Enter, or press ? or * to list all spells.
Aiming: Airstrike (safe; 1% risk of failure)
Press: ? - help, Dir - move target cursor, f/p - deep elf high priest
Aim: a deep elf high priest, wielding a shortbow and wearing a scale mail (severely wounded, aura of brilliance)
The air twists around and strikes the deep elf high priest!
The deep elf high priest is almost dead.
Sif Muna grants you divine energy.
You briefly lose access to your magic!
The deep elf high priest calls down the wrath of its god upon you.
The sphere of damnation explodes!
The damnation engulfs you!
You die...

################'#########...####
.........................#...#...
.....................[...#...#...
.........................#)..#...
######..######'#######...#..(#...
.....#..#............'...#...####
.....#..+............#...'.(.....
######..#######'######...#.......
E*e......e(.....@........#.(.....
'####...##############...#...####
eE..#...#............#...#...#...
*...#...#............'...#...#...
....#...#............#...#...#...
....#...#...###'##...#...#.(.'...
.)..#...'...#....#...#...#.(.###'
e)..#...#...#....#...#...#.......
....#...#...######...#...#.......


You could see a deep elf high priest.

Vanquished Creatures
  Nikola (Elf:1)
  Agnes (Elf:1)
  Frances (D:12)
  A stone giant (D:11)
  The ghost of Amnesiac the Nimble, a journeyman DgWz (D:13)
  An ettin (Orc:2)
  Josephine (D:12)
  Fannar (Orc:2)
  Erolcha (D:11)
  A vault guard (D:13)
  The ghost of Amnesiac the Nimble, a journeyman TeAE of Vehumet (D:10)
  8 two-headed ogres
  An ogre mage (Orc:1)
  5 dancing weapons (Elf:1)
  The ghost of EvilAshe the Carver, a journeyman TeFi of Fedhas (D:9)
  8 orc high priests
  Sonja (D:12)
  Urug (D:11)
  A sixfirhy (Orc:2)
  6 deep elf knights (Elf:1)
  A hell knight (Elf:1)
  2 sun demons (Orc:2)
  A fire crab (shapeshifter) (Elf:1)
  An unseen horror (D:12)
  2 infernal demonspawn (Orc:2)
  3 deep elf archers (Elf:1)
  6 orc knights
  12 deep elf magi
  An ugly thing (D:11)
  5 orc sorcerers
  A centaur zombie (D:13)
  A moth of wrath (D:5)
  A water nymph (shapeshifter) (Elf:1)
  Maurice (D:9)
  A rust devil (Orc:2)
  A gargoyle (D:11)
  A centaur skeleton (D:13)
  An ice devil (Orc:2)
  A hellwing (Orc:2)
  4 trolls
  A hornet (D:9)
  Grinder (D:3)
  9 slime creatures
  6 hippogriffs
  A wyvern (D:9)
  2 fire elementals (Elf:1)
  A shadow (D:13)
  2 hogs (D:13)
  6 wraiths
  21 yaks
  A human (D:13)
  2 hungry ghosts
  Menkaure (D:5)
  An acid dragon (D:13)
  A warg (Orc:2)
  33 orc warriors
  4 black bears
  3 sky beasts
  5 ice beasts
  2 necrophages
  3 eyes of draining
  2 wolves
  17 ogres
  9 centaurs
  2 big kobolds
  10 bullfrogs
  2 gnoll sergeants (D:11)
  A wyvern skeleton (D:9)
  2 scorpions
  2 electric eels (D:10)
  A howler monkey (D:13)
  4 bullfrog zombies
  9 crimson imps
  22 orc priests
  11 hounds
  18 orc wizards
  Crazy Yiuf (D:3)
  5 jellies
  A bullfrog skeleton (D:12)
  4 iguanas
  11 worker ants
  A killer bee zombie (D:7)
  4 big kobold zombies (Ossuary)
  2 mummies (Ossuary)
  Robin (D:3)
  A worker ant zombie (D:5)
  11 adders
  17 gnolls
  2 shadow imps
  An ooze (D:1)
  An adder skeleton (D:5)
  4 adder zombies (Ossuary)
  4 worms
  2 dart slugs
  6 leopard geckos
  86 orcs
  10 bats
  2 giant cockroaches (D:6)
  6 gnoll zombies (Ossuary)
  26 goblins
  16 hobgoblins
  8 jackals
  A quokka (D:11)
  3 frilled lizards
  5 hobgoblin zombies (Ossuary)
  24 kobolds
  10 kobold zombies (Ossuary)
  A leopard gecko skeleton (D:5)
  7 orc zombies (Ossuary)
  A quokka zombie (D:6)
  7 rats
  A rat zombie (D:6)
601 creatures vanquished.

Vanquished Creatures (collateral kills)
  A slime creature (D:12)
1 creature vanquished.

Vanquished Creatures (others)
  A deep elf knight (Elf:1)
  3 ball lightnings (Elf:1)
  An orc priest (D:11)
  2 orc wizards
  An orc (D:11)
8 creatures vanquished.

Grand Total: 610 creatures vanquished

Notes
Turn   | Place    | Note
-------+----------+-------------------------------------------
     0 | D:1      | Amnesiac the Tengu Air Elementalist began the quest for the Orb.
     0 | D:1      | Reached XP level 1. HP: 10/10 MP: 4/4
   134 | D:1      | Reached XP level 2. HP: 4/15 MP: 0/6
   591 | D:1      | Reached XP level 3. HP: 20/20 MP: 7/7
   772 | D:2      | Found a bloodstained altar of Trog.
   788 | D:2      | Reached skill level 1 in Fighting
   845 | D:2      | Found a deep blue altar of Sif Muna.
   849 | D:2      | Became a worshipper of Sif Muna the Loreminder
   876 | D:2      | Reached skill level 5 in Air Magic
  1154 | D:2      | Found a white marble altar of Elyvilon.
  1489 | D:3      | Reached XP level 4. HP: 25/25 MP: 2/9
  1540 | D:3      | Learned a level 4 spell: Airstrike
  1713 | D:3      | Noticed Robin
  1715 | D:3      | Gained mutation: You can fly. [Tengu growth]
  1715 | D:3      | Reached XP level 5. HP: 29/29 MP: 1/10
  1734 | D:3      | Killed Robin
  1756 | D:3      | Learned a level 2 spell: Swiftness
  1768 | D:3      | Found a shattered altar of Ashenzari.
  2025 | D:3      | Noticed Grinder
  2046 | D:3      | Paralysed by Grinder for 6 turns
  2056 | D:3      | Killed Grinder
  2056 | D:3      | Reached * piety under Sif Muna
  2056 | D:3      | Reached XP level 6. HP: 34/34 MP: 0/12
  2064 | D:3      | Learned a level 5 spell: Lightning Bolt
  2345 | D:3      | Found a runed door.
  2349 | D:3      | Noticed Crazy Yiuf
  2352 | D:3      | Killed Crazy Yiuf
  2352 | D:3      | Reached XP level 7. HP: 38/38 MP: 10/14
  2603 | D:4      | Reached skill level 5 in Spellcasting
  3348 | D:4      | Found a shadowy altar of Dithmenos.
  3349 | D:4      | Found a hide-covered altar of Uskayaw.
  3349 | D:4      | Found an ancient bone altar of Kikubaaqudgha.
  3551 | D:5      | Entered Level 5 of the Dungeon
  3563 | D:5      | Reached ** piety under Sif Muna
  3596 | D:5      | Reached XP level 8. HP: 43/43 MP: 0/18
  3979 | D:5      | Noticed a moth of wrath
  3982 | D:5      | Found a bloodstained altar of Trog.
  3987 | D:5      | Killed a moth of wrath
  4061 | D:5      | Reached *** piety under Sif Muna
  4133 | D:5      | Noticed Menkaure
  4137 | D:5      | Killed Menkaure
  4137 | D:5      | Reached XP level 9. HP: 47/47 MP: 0/23
  4142 | D:5      | Found a burning altar of Makhleb.
  4354 | D:6      | Found an opulent altar of Gozag.
  4510 | D:6      | Found an iron altar of Okawaru.
  4678 | D:6      | Found Funesuog's Antique Armour Shoppe.
  4885 | D:6      | Found a sand-covered staircase.
  4900 | Ossuary  | Entered an ossuary
  5473 | D:6      | Reached **** piety under Sif Muna
  6395 | D:7      | Found a staircase to the Ecumenical Temple.
  6428 | D:7      | Reached skill level 10 in Air Magic
  6442 | D:7      | Reached skill level 10 in Spellcasting
  6546 | D:7      | Learned a level 3 spell: Mephitic Cloud
  6549 | D:7      | Learned a level 2 spell: Blink
  6859 | D:8      | Found a shadowy altar of Dithmenos.
  7228 | D:8      | Reached XP level 10. HP: 51/52 MP: 0/25
  7303 | D:8      | Reached ***** piety under Sif Muna
  7396 | D:8      | Noticed a two-headed ogre
  7425 | D:8      | Killed a two-headed ogre
  7425 | D:8      | Received a gift from Sif Muna
  7450 | D:8      | Learned a level 4 spell: Summon Lightning Spire
  7457 | D:8      | Learned a level 6 spell: Deflect Missiles
  7502 | D:8      | Found a blossoming altar of Fedhas.
  7742 | D:9      | Reached skill level 1 in Shields
  7759 | D:9      | Noticed Maurice
  7902 | D:9      | Killed Maurice
  8437 | D:9      | Reached skill level 5 in Dodging
  8442 | D:9      | Reached XP level 11. HP: 54/59 MP: 0/27
  8573 | D:9      | Noticed EvilAshe's ghost (journeyman TeFi)
  9007 | D:9      | Noticed a two-headed ogre
  9021 | D:9      | Killed a two-headed ogre
  9428 | D:9      | Killed EvilAshe's ghost
  9512 | D:10     | Entered Level 10 of the Dungeon
  9630 | D:9      | Gained mutation: You expend magic power (3 MP) to strengthen your wands. [potion of mutation]
  9630 | D:9      | Gained mutation: Your magical capacity is low. (-10% MP) [potion of mutation]
  9630 | D:9      | Gained mutation: Your mind is acute. (Int +2) [potion of mutation]
  9660 | D:9      | Reached skill level 5 in Fighting
  9787 | D:10     | Noticed Amnesiac's ghost (journeyman TeAE)
  9811 | D:10     | HP: 3/63 [Amnesiac's ghost/bolt of lightning (21)]
  9815 | D:10     | Killed Amnesiac's ghost
  9920 | D:10     | Reached skill level 1 in Invocations
 10121 | D:10     | Found a staircase to the Lair.
 10207 | D:11     | Noticed Urug
 10249 | D:11     | Killed Urug
 10347 | D:11     | Found a staircase to the Orcish Mines.
 10415 | D:11     | Noticed a red ugly thing
 10435 | D:11     | Noticed Erolcha
 10462 | D:11     | Killed a red ugly thing
 10462 | D:11     | Reached skill level 5 in Invocations
 10462 | D:11     | Reached XP level 12. HP: 68/68 MP: 0/25
 10646 | D:11     | Killed Erolcha
 11252 | D:12     | Noticed a two-headed ogre
 11269 | D:12     | Killed a two-headed ogre
 11418 | D:12     | Noticed Sonja
 11421 | D:12     | Noticed Frances
 11652 | D:12     | Killed Frances
 11683 | D:12     | Killed Sonja
 12542 | D:12     | Got a fine leather armour
 12798 | D:12     | Identified the +4 leather armour "Horilata" {rElec rN+ Str-3} (You found it on level 12 of the Dungeon)
 13128 | D:13     | Noticed Amnesiac's ghost (journeyman DgWz)
 13158 | D:13     | Noticed Josephine
 13206 | D:12     | Killed Josephine
 13206 | D:12     | Reached skill level 10 in Dodging
 13829 | D:13     | Killed Amnesiac's ghost
 13829 | D:13     | Reached XP level 13. HP: 64/76 MP: 0/26
 13830 | D:13     | Identified Hehaf's Handbook of the Cankerous Arsonist (Sif Muna gifted it to you on level 13 of the Dungeon)
 13830 | D:13     | Received a gift from Sif Muna
 13830 | D:13     | Gained mutation: You can fly continuously. [Tengu growth]
 13830 | D:13     | Reached XP level 14. HP: 70/82 MP: 0/28
 14898 | D:13     | Found a gate to the Vaults.
 15306 | Orc:1    | Entered Level 1 of the Orcish Mines
 16135 | Orc:1    | Noticed a stone giant
 16268 | D:11     | Killed a stone giant
 16287 | D:11     | Identified Sif Muna's Catalogue of Earth and Enchantment (Sif Muna gifted it to you on level 11 of the Dungeon)
 16287 | D:11     | Received a gift from Sif Muna
 16297 | D:11     | Learned a level 2 spell: Passwall
 16530 | Orc:1    | Found a roughly hewn altar of Beogh.
 16574 | Orc:1    | You are sucked into a shaft!
 16574 | Orc:2    | Entered Level 2 of the Orcish Mines
 16577 | Orc:2    | Found a roughly hewn altar of Beogh.
 16838 | Orc:2    | Found a staircase to the Elven Halls.
 18009 | Orc:2    | Found Onyguje's General Store.
 18154 | Orc:2    | Found Zeliusch's Distillery.
 18437 | Orc:2    | Paralysed by an orc sorcerer for 6 turns
 18465 | Orc:1    | Noticed Fannar
 19860 | Orc:2    | Found a burning altar of Makhleb.
 20166 | Orc:2    | Identified Sif Muna's Advanced Guide to Thaumaturgy (Sif Muna gifted it to you on level 2 of the Orcish Mines)
 20166 | Orc:2    | Received a gift from Sif Muna
 20166 | Orc:2    | Reached XP level 15. HP: 80/86 MP: 13/31
 20917 | Orc:2    | Found Vaqax's Antique Armour Boutique.
 20917 | Orc:2    | Found Kiaddeig's Book Shop.
 20917 | Orc:2    | Found a one-way gate leading to the halls of Pandemonium.
 20936 | Orc:2    | Bought a runed buckler for 195 gold pieces
 21133 | Orc:2    | Killed Fannar
 21137 | Orc:2    | Reached skill level 15 in Air Magic
 21672 | Elf:1    | Entered Level 1 of the Elven Halls
 21680 | Elf:1    | Reached skill level 15 in Spellcasting
 22115 | Elf:1    | Noticed Agnes
 22140 | Elf:1    | Killed Agnes
 22576 | Orc:2    | Learned a level 6 spell: Conjure Ball Lightning
 23706 | Elf:1    | Received a gift from Sif Muna
 23853 | Elf:1    | Noticed Nikola
 23871 | Elf:1    | Killed Nikola
 24414 | Elf:1    | Killed from afar by a deep elf high priest

Vault maps used:
D:1:      minmay_arrival_shattered_statue
D:2:      lemuel_doored_altar, overflow_temple_1_default, elyvilon_altar_3
D:3:      ashenzari_conservatory_becter, first_ration, uniq_robin, uniq_grinder,
          uniq_crazy_yiuf_cottage
D:4:      corexii_shantytown, gammafunk_temple_overflow_forgotten
D:5:      lemuel_coloured_pillars_altar, tgw_trog, uniq_menkaure
D:6:      grunt_gozag_breadcrumbs, enter_ossuary_4, serial_shops, shop,
          minmay_liquid_box, hangedman_abyss_or_decor_lesser_grid,
          kennysheep_diamond, okawaru_trees_2
D:7:      minmay_temple_entry_poolview
D:8:      fedhas_altar_3, basic_altar
D:9:      uniq_maurice
D:10:     erik_lair_island
D:11:     orc_0_dummy, uniq_erolcha, uniq_urug
D:12:     uniq_frances, uniq_sonja
D:13:     david_vaults_5, grunt_livestock, uniq_josephine
Orc:1:    basic_altar, mines_bat_river, uniq_fannar
Orc:2:    pf_orc_diabolical, basic_altar, bloody_makhleb
Elf:1:    elf_arrival_001, kennysheep_underground_church, sword_in_stone,
          uniq_nikola
Ossuary:  ossuary_tomb_2

Skill      XL: |  1  2  3  4  5  6  7  8  9 10 11 12 13 14 15 |
---------------+----------------------------------------------+-----
Fighting       | 1 2 5 7 |  7.0
Air Magic      | 5 6 8 10 11 12 14 16 | 16.2
Spellcasting   | 3 4 6 9 10 11 12 14 16 | 16.1
Shields        | 4 |  4.2
Dodging        | 5 8 11 | 11.0
Invocations    | 5 8 |  8.5
Stealth        | |  2.0
Conjurations   | |  1.3

Action                   |  1- 3 |  4- 6 |  7- 9 | 10-12 | 13-15 || total
-------------------------+-------+-------+-------+-------+-------++-------
Melee: Unarmed           |     4 |       |       |       |       ||     4
       Kick              |     6 |    20 |    49 |    54 |    72 ||   201
       Dagger            |    26 |    92 |   185 |   251 |   284 ||   838
       Peck              |     3 |    13 |    32 |    28 |    42 ||   118
 Cast: Shock             |    44 |     7 |     1 |       |       ||    52
       Airstrike         |       |     7 |   202 |   346 |   493 ||  1048
       Mephitic Cloud    |       |       |       |     1 |     2 ||     3
       Lightning Bolt    |       |       |       |    47 |    88 ||   135
       Deflect Missiles  |       |       |       |     4 |     2 ||     6
       Blink             |       |       |       |     1 |     4 ||     5
       Summon Lightning  |       |       |       |     4 |     1 ||     5
       Swiftness         |       |       |       |       |     1 ||     1
       Conjure Ball Ligh |       |       |       |       |     1 ||     1
Invok: Divine Energy     |       |       |     1 |       |       ||     1
       Channel Magic     |       |       |       |       |     1 ||     1
 Abil: Fly               |       |       |     3 |     5 |     1 ||     9
Evoke: Wand              |       |       |       |     7 |     1 ||     8
  Use: Scroll            |       |       |    20 |     6 |     4 ||    30
       Potion            |       |       |     2 |     8 |     1 ||    11
 Stab: Sleeping          |     1 |     1 |     3 |     1 |       ||     6
       Distracted        |       |     1 |       |       |       ||     1
       Confused          |       |       |       |     3 |       ||     3
  Eat: Chunk             |     2 |     5 |    35 |    27 |    31 ||   100
       Ration            |       |       |       |     2 |     2 ||     4
Armor: Robe              |    21 |    17 |    35 |    40 |       ||   113
       Skin              |       |       |       |    57 |       ||    57
       Leather armour    |       |       |       |    43 |    74 ||   117
Dodge: Dodged            |    33 |    38 |    72 |   293 |   329 ||   765
       Deflected         |       |       |       |    15 |    29 ||    44
Block: Buckler           |       |       |       |   125 |   174 ||   299

Table legend:
 A = Spawn XP
 B = Non-spawn XP
 C = Spawn XP percentage of total XP
 D = Spawn monster count
 E = Non-spawn monster count
 F = Spawn count percentage of total count
 G = Total turns spent on level
                    A         B        C        D         E        F      G
               +---------+---------+-------+---------+---------+-------+---------
         Total |       0 |   98943 |   0.0 |       0 |     604 |   0.0 | 24414
               +---------+---------+-------+---------+---------+-------+---------
           D:1 |       0 |      45 |   0.0 |       0 |      22 |   0.0 |   742
           D:2 |       0 |      25 |   0.0 |       0 |      12 |   0.0 |   714
           D:3 |       0 |     568 |   0.0 |       0 |      36 |   0.0 |   946
           D:4 |       0 |     444 |   0.0 |       0 |      40 |   0.0 |  1168
           D:5 |       0 |    1345 |   0.0 |       0 |      28 |   0.0 |   746
           D:6 |       0 |    1047 |   0.0 |       0 |      28 |   0.0 |  1430
           D:7 |       0 |     481 |   0.0 |       0 |       9 |   0.0 |   562
           D:8 |       0 |    2423 |   0.0 |       0 |      21 |   0.0 |  1111
           D:9 |       0 |    7123 |   0.0 |       0 |      60 |   0.0 |  1695
          D:10 |       0 |    2386 |   0.0 |       0 |      18 |   0.0 |   515
          D:11 |       0 |   11418 |   0.0 |       0 |      57 |   0.0 |  2441
          D:12 |       0 |    8977 |   0.0 |       0 |      25 |   0.0 |  1981
          D:13 |       0 |    9410 |   0.0 |       0 |      47 |   0.0 |  1734
         Orc:1 |       0 |    3927 |   0.0 |       0 |      28 |   0.0 |  1392
         Orc:2 |       0 |   22790 |   0.0 |       0 |     102 |   0.0 |  4821
         Elf:1 |       0 |   26336 |   0.0 |       0 |      33 |   0.0 |  1865
       Ossuary |       0 |     198 |   0.0 |       0 |      38 |   0.0 |   551
               +---------+---------+-------+---------+---------+-------+---------
